Map: Acropolis LE

Players

Lambo

  • Race: Zerg Zerg
  • League: Grandmaster
  • Spawn Location: 11:00

llllllllllll (Stats) - Winner!

  • Race: Protoss Protoss
  • League: Master
  • Spawn Location: 5:00

Event: HomeStory Cup XX

VOD

Have the link to the VOD?

Description

Time

  • Played on: Nov. 22, 2019, 7:17 a.m.
  • Length: 10:07

All games in this series

Show
View Real Time Build Order
Export as new Build Order

Lambo Zerg 

Build Orders: Hatch First 

Get SALT Encoding   

  12  0:00  Drone  
  13  0:12  Overlord  
  13  0:17  Drone  
  14  0:31  Drone x2  
  16  0:48  Hatchery  
  15  0:51  Drone  
  15  0:55  Drone  
  17  0:59  Drone  
  18  1:10  Extractor  
  17  1:13  Spawning Pool  
  17  1:17  Drone  
  17  1:20  Drone  
  18  1:28  Drone  
  19  1:39  Drone  
  20  1:51  Overlord  
  20  2:00  Queen x2  
  20  2:01  Zergling x4  
  26  2:10  Drone  
  26  2:11  Drone  
  28  2:22  Drone x2  
  30  2:29  Hatchery  
  29  2:34  Drone  
  29  2:35  Drone  
  31  2:39  Pneumatized Carapace  
  31  2:43  Drone  
  32  2:45  Overlord  
  32  2:54  Queen  
  32  2:57  Drone  
  35  3:04  Drone x2  
  35  3:05  Drone  
  38  3:08  Drone  
  38  3:10  Drone x2  
  40  3:17  Overlord  
  40  3:18  Metabolic Boost  
  40  3:20  Spore Crawler  
  40  3:22  Drone  
  40  3:30  Queen, Drone  
  43  3:34  Spore Crawler  
  43  3:36  Zergling x2  
  43  3:39  Drone x2  
  45  3:42  Drone  
  45  3:45  Queen  
  48  3:48  Drone  
  48  3:49  Drone  
  48  3:51  Drone  
  51  3:56  Overlord  
  51  3:57  Drone x2  
  51  4:02  Drone  
  54  4:05  Drone  
  54  4:06  Spore Crawler  
  54  4:07  Drone  
  55  4:10  Drone x2  
  55  4:11  Drone  
  55  4:14  Overlord  
  58  4:19  Lair  
  58  4:24  Drone x2, Overlord  
  58  4:26  Drone  
  58  4:29  Extractor  
  58  4:31  Extractor, Roach Warren  
  59  4:32  Drone  
  59  4:34  Drone  
  59  4:37  Drone x2  
  58  4:41  Drone x3  
  58  4:44  Drone  
  62  4:46  Drone x2  
  62  4:47  Drone  
  62  4:50  Drone  
  62  4:51  Drone  
  67  4:53  Drone x2  
  67  4:54  Drone  
  67  4:56  Drone  
  67  4:57  Drone  
  67  4:58  Drone  
  73  5:00  Drone  
  73  5:02  Drone  
  73  5:03  Extractor  
  73  5:05  Evolution Chamber  
  73  5:08  Drone  
  73  5:09  Drone  
  73  5:12  Drone  
  73  5:13  Drone x2  
  78  5:15  Drone  
  78  5:16  Queen  
  78  5:17  Extractor  
  78  5:18  Extractor  
  78  5:19  Drone  
  80  5:21  Glial Reconstitution  
  80  5:22  Overlord  
  80  5:24  Overlord  
  80  5:25  Overlord  
  80  5:29  Overlord  
  80  5:30  Overlord  
  80  5:33  Overlord  
  80  5:41  Roach x2  
  80  5:42  Roach x2  
  88  5:46  Overlord  
  88  5:47  Roach x2  
  92  5:54  Nydus Network, Roach x4  
  99  6:00  Roach x3  
  102  6:11  Ravager, Roach x3  
  107  6:12  Ravager x4  
  107  6:18  Zergling x10, Roach  
  117  6:23  Zergling x4  
  117  6:24  Roach x2  
  125  6:28  Roach  
  125  6:29  Ravager  
  125  6:31  Nydus Canal  
  128  6:33  Roach x2  
  128  6:36  Roach  
  128  6:39  Overlord x3  
  134  6:41  Roach  
  134  6:46  Nydus Canal  
  136  6:50  Ravager  
  137  7:00  Roach x2  
  138  7:07  Zergling x22  
  143  7:09  Roach  
  143  7:14  Roach x4  
  148  7:17  Ravager x4  
  148  7:18  Roach  
  148  7:20  Roach  
  156  7:28  Roach  
  157  7:32  Roach x2  
  151  7:39  Roach  
  151  7:42  Roach  
  141  7:44  Roach x2  
  141  7:46  Roach x2  
  141  7:48  Roach x3  
  141  7:50  Roach  
  139  7:52  Queen x2, Roach x5  
  143  8:01  Roach  
  143  8:03  Nydus Canal  
  143  8:05  Roach  
  134  8:07  Roach  
  134  8:12  Zergling x4  
  121  8:17  Spire  
  121  8:19  Queen  
  104  8:21  Roach x2  
  104  8:24  Roach  
  104  8:25  Hatchery  
  104  8:26  Roach  
  102  8:28  Drone, Roach  
  102  8:29  Drone  
  102  8:36  Drone x3  
  102  8:37  Drone  
  102  8:39  Zergling x2  
  102  8:40  Zergling x2  
  104  8:46  Drone x3  
  104  8:47  Drone  
  108  8:50  Drone  
  108  8:52  Evolution Chamber  
  108  8:54  Drone  
  99  9:02  Zergling x6  
  102  9:10  Extractor  
  102  9:11  Zergling x10  
  102  9:14  Nydus Canal  
  102  9:15  Extractor, Zergling x2  
  102  9:16  Zergling x6  
  109  9:19  Drone  
  109  9:22  Queen  
  106  9:25  Overlord  
  106  9:28  Overlord  
  103  9:31  Overlord  
  103  9:33  Overlord  
  103  9:35  Overlord  
  103  9:39  Mutalisk x7  
  117  9:49  Nydus Canal  
Show
View Real Time Build Order
Export as new Build Order

llllllllllll Protoss - Winner!

Build Orders: 1 Gate Expand, Oracle Opening, Archon Immortal 

Get SALT Encoding   

  12  0:00  Probe  
  13  0:12  Probe  
  14  0:18  Pylon  
  14  0:25  Probe  
  14  0:28  Assimilator  
  15  0:34  Probe  
  15  0:42  Probe  
  16  0:45  Gateway  
  17  0:51  Probe  
  18  1:03  Probe  
  19  1:15  Probe  
  20  1:22  Nexus  
  20  1:32  Cybernetics Core  
  20  1:34  Probe  
  21  1:40  Assimilator  
  21  1:47  Probe  
  22  1:49  Pylon  
  22  1:59  Probe  
  22  2:00  Adept  
  23  2:11  Probe  
  23  2:12  Stargate  
  26  2:20  Warp Gate  
  26  2:23  Probe  
  27  2:30  Stalker, Probe  
  27  2:31  Probe  
  31  2:38  Probe  
  31  2:39  Probe  
  33  2:48  Probe  
  33  2:50  Oracle, Probe  
  38  3:00  Probe  
  38  3:02  Probe  
  37  3:13  Probe  
  37  3:14  Probe  
  37  3:18  Pylon  
  39  3:25  Oracle, Probe  
  39  3:26  Probe  
  41  3:30  Gateway  
  44  3:37  Probe  
  44  3:38  Probe  
  44  3:39  Assimilator  
  46  3:41  Assimilator  
  46  3:45  Robotics Facility  
  46  3:49  Pylon, Probe  
  46  3:50  Probe  
  48  4:01  Probe  
  50  4:02  Probe  
  50  4:10  Adept  
  50  4:13  Pylon, Probe  
  50  4:15  Probe  
  54  4:22  Nexus  
  54  4:25  Probe  
  54  4:27  Probe  
  54  4:28  Pylon  
  54  4:30  Immortal  
  56  4:31  Pylon  
  56  4:37  Sentry x2, Probe  
  61  4:43  Probe  
  66  4:49  Probe  
  67  4:54  Forge  
  67  4:55  Probe, Twilight Council  
  68  5:00  Sentry x2  
  68  5:02  Observer  
  68  5:04  Probe  
  68  5:06  Protoss Ground Weapons Level 1  
  73  5:07  Probe  
  75  5:16  Probe  
  75  5:19  Probe  
  77  5:23  Charge  
  77  5:28  Probe  
  77  5:31  Probe  
  77  5:35  Probe, Gateway  
  79  5:36  Gateway  
  79  5:39  Gateway  
  79  5:41  Probe, Gateway  
  81  5:43  Probe, Templar Archives  
  81  5:46  Phoenix x2  
  81  5:49  Probe  
  83  5:52  Gateway  
  83  5:53  Immortal, Probe, Gateway  
  83  5:55  Probe  
  89  6:09  Probe x3  
  92  6:12  Assimilator  
  92  6:14  Assimilator, Pylon  
  92  6:18  Pylon  
  92  6:20  Warp Prism  
  92  6:21  Photon Cannon  
  92  6:22  Probe x3  
  92  6:23  Pylon  
  92  6:24  Adept  
  97  6:36  Pylon  
  97  6:38  Pylon  
  99  6:45  Shield Battery  
  99  6:46  Shield Battery  
  99  6:47  Sentry x2  
  99  6:48  Shield Battery  
  99  6:50  Stalker x2  
  99  6:51  Stalker  
  109  6:55  Stalker  
  109  6:59  Stalker  
  109  7:00  Stalker  
  113  7:08  Immortal  
  106  7:09  Shield Battery  
  106  7:11  Shield Battery  
  106  7:12  Pylon  
  106  7:14  Stalker  
  106  7:20  Zealot  
  106  7:21  High Templar x2  
  116  7:25  Archon  
  116  7:26  High Templar, Zealot  
  116  7:27  High Templar, Zealot  
  123  7:32  Archon  
  114  7:45  Zealot x2  
  114  7:49  Immortal  
  114  7:50  Zealot x2  
  114  7:52  Probe x3  
  114  7:55  Assimilator  
  114  7:58  Zealot x3  
  119  8:05  Zealot  
  111  8:06  Zealot x2  
  99  8:23  Zealot x5  
  107  8:28  Immortal, High Templar x2, Zealot  
  113  8:35  Archon  
  113  8:36  Probe x3  
  116  8:57  Stalker x5  
  116  9:01  Pylon  
  116  9:02  Stalker  
  128  9:03  Pylon  
  128  9:05  Pylon  
  128  9:09  Stalker x2  
  132  9:25  Stalker x6  
  144  9:33  Stalker x2  
  145  9:42  Nexus  
  145  9:52  Stalker x3  
  151  10:00  Pylon  
  151  10:06  Stalker x2  
  151  10:07  Stalker  
Tags
 
Add a new tag
Caveats
  • Supply blocks, unpowered buildings, or Contaminate may cause inaccurate times.
  • Supply counts are checked every 10 seconds.